 Dungeon Crawl Stone Soup version 0.31-a0-200-gbc41564c69 (webtiles) character file.

Game seed: 3515653066011025812

240 qw the Skirmisher (level 5, -1/30 HPs)
             Began as a Deep Elf Hunter on June 25, 2023.
             Slain by a gnoll
             ... wielding a +0 flail
              (7 damage)
             ... on level 3 of the Dungeon.
             The game lasted 00:00:42 (1888 turns).

qw the Skirmisher (Deep Elf Hunter)                 Turns: 1888, Time: 00:00:43

Health: -1/30      AC:  9    Str: 10    XL:     5   Next: 80%
Magic:  7/7        EV: 11    Int: 14    God:
Gold:   107        SH:  0    Dex: 18    Spells: 4/4 levels left

rFire   . . .        Y - +0 shortbow
rCold   . . .        (shield currently unavailable)
rNeg    . . .        g - +0 ring mail
rPois   .            (no helmet)
rElec   .            (no cloak)
rCorr   .            (no gloves)
SInv    .            (no boots)
Will    .....        (no amulet)
Stlth   +            k - +4 ring of protection
HPRegen 0.25/turn    (no ring)
MPRegen 0.10/turn

%: no passive effects
@: about to teleport
A: no striking features
a: no special abilities


You were on level 3 of the Dungeon.
You visited 1 branch of the dungeon, and saw 4 of its levels.

You collected 107 gold pieces.


   Skills:
 + Level 1.8 Fighting
 - Level 9.0 Ranged Weapons
 - Level 3.2 Dodging
 - Level 1.2 Stealth


You had 4 spell levels left.
You didn't know any spells.
Your spell library was empty.

Inventory:

Hand Weapons
 Y - a +0 shortbow (weapon)
Armour
 g - a +0 ring mail (worn)
Jewellery
 k - a +4 ring of protection (left hand)
Scrolls
 b - a scroll of identify
Potions
 d - a potion of magic {unknown}
 e - a potion of curing {unknown}
 j - a potion of heal wounds {unknown}

Dungeon Overview and Level Annotations

Branches:
Dungeon (4/15)
 Temple: D:4-7

Altars:

Shops:
D:1 (


Message History

There is a stone staircase leading up here.
Found an escape hatch in the floor.
Found a stone staircase leading down.
You now have 107 gold pieces (gained 6).
A gnoll comes into view. It is wielding a +0 spear.
You shoot an arrow.
The arrow hits the gnoll but does no damage.
The gnoll shouts!
A gnoll comes into view. It is wielding a +0 flail.
A gnoll comes into view. It is wielding a +0 halberd.
You shoot an arrow. The gnoll shouts! x2
The arrow hits the gnoll.
The gnoll is moderately wounded.
You shoot an arrow. The arrow hits the gnoll.
The gnoll is severely wounded.
A gnoll comes into view. It is wielding a +0 spear.
You shoot an arrow. The arrow barely misses the gnoll.
The arrow hits the gnoll.
The gnoll is moderately wounded.
You shoot an arrow. The arrow hits the gnoll!
You kill the gnoll!
You shoot an arrow. The arrow barely misses the gnoll.
You shoot an arrow. The arrow barely misses the gnoll.
The gnoll misses you.
The gnoll hits you from afar with a +0 halberd.
You shoot an arrow. The arrow hits the gnoll.
The gnoll is moderately wounded.
The gnoll closely misses you.
The gnoll hits you from afar with a +0 halberd!
You shoot an arrow. The arrow hits the gnoll.
The gnoll is heavily wounded.
The gnoll closely misses you.
The gnoll hits you from afar with a +0 halberd!
The gnoll hits you but does no damage. The gnoll completely misses you.
The gnoll hits you from afar with a +0 halberd!
1888 ||| READING scroll of teleportation.
As you read the scroll of teleportation, it crumbles to dust.
You feel strangely unstable. The gnoll hits you with a +0 flail!
You die...

#.# #.# #.# .
#.# ..#
######.##...#
#.........#
#.............
#........#####
#@.......#
#.g.......#
....gg.....#
........>....#
#.#..>........#
# #.#.!.......#
#..........$
####........


You could see 3 gnolls.

Vanquished Creatures
  A phantom (D:4)
  2 jellies (D:2)
  A hound (D:4)
  2 adders (D:2)
  A gnoll (D:3)
  10 endoplasms
  A giant cockroach (D:1)
  9 goblins
  2 hobgoblins (D:2)
  9 kobolds
  A quokka (D:1)
  A ball python (D:2)
  6 bats
  5 frilled lizards
  7 rats
58 creatures vanquished.

Notes
Turn   | Place    | Note
-------+----------+-------------------------------------------
     0 | D:1      | qw the Deep Elf Hunter began the quest for the Orb.
     0 | D:1      | Reached XP level 1. HP: 12/12 MP: 3/3
     0 | D:1      | 0 ||| qw: Version: 0.3-a-22-g0ed2b0b
     0 | D:1      | 0 ||| qw: Game counter: 5649
     0 | D:1      | 0 ||| qw: Melee chars always use a shield: true
     0 | D:1      | 0 ||| qw: God list: Okawaru
     0 | D:1      | 0 ||| qw: Allow faded altars: false
     0 | D:1      | 0 ||| qw: Do Orc after clearing Dungeon:15 true
     0 | D:1      | 0 ||| qw: Do second Lair branch before Depths: true
     0 | D:1      | 0 ||| qw: Lair rune preference: random
     0 | D:1      | 0 ||| qw: Goals: Normal
     0 | D:1      | 0 ||| PLANNING D:1-11
    36 | D:1      | Found Piajer's Antique Weapon Shoppe.
   269 | D:1      | Reached XP level 2. HP: 16/16 MP: 4/4
   275 | D:1      | Reached skill level 6 in Ranged Weapons
   794 | D:1      | 794 ||| UPGRADING to +4 ring of protection.
   795 | D:1      | 795 ||| READING scroll labelled EZIXKO MAHAOKH.
   796 | D:1      | 796 ||| READING 2 scrolls labelled GAMPAQAEKO.
   799 | D:1      | 799 ||| READING scroll labelled KUANAGU UXOUNYPN.
   800 | D:1      | 800 ||| READING scroll labelled ASISEF FOEM.
   801 | D:1      | 801 ||| READING scroll labelled WERRUQ WEN QENWIS.
   802 | D:1      | 802 ||| DROPPING scroll of butterflies.
   992 | D:2      | Reached XP level 3. HP: 20/20 MP: 5/5
  1005 | D:2      | You fall into a shaft and drop 2 floors!
  1027 | D:4      | Reached skill level 7 in Ranged Weapons
  1082 | D:4      | Noticed a phantom
  1093 | D:4      | Killed a phantom
  1094 | D:4      | Reached skill level 8 in Ranged Weapons
  1094 | D:4      | Reached XP level 4. HP: 20/25 MP: 6/6
  1115 | D:4      | 1115 ||| READING 2 scrolls labelled UDWETA QITT.
  1149 | D:3      | 1149 ||| READING scroll labelled GUFEF VOXEOQA.
  1262 | D:2      | Reached XP level 5. HP: 29/29 MP: 7/7
  1618 | D:2      | Reached skill level 9 in Ranged Weapons
  1624 | D:2      | Reached skill level 3 in Dodging
  1636 | D:2      | 1636 ||| UPGRADING to +0 ring mail.
  1680 | D:2      | 1680 ||| DROPPING +0 leather armour.
  1847 | D:2      | 1847 ||| READING 2 scrolls of identify.
  1847 | D:2      | 1847 ||| IDENTIFYING bubbling ruby potion
  1848 | D:2      | 1848 ||| DROPPING potion of degeneration.
  1887 | D:3      | HP: 6/30 [gnoll/+0 halberd (9)]
  1888 | D:3      | 1888 ||| READING scroll of teleportation.
  1888 | D:3      | Slain by a gnoll

Levels and vault maps discovered:
D:1:      mushboom_english_gardens, layout_basic, serial_shops, shop
D:2:      cheibrodos_fertilizer, layout_basic
D:3:      layout_basic, overflow_temple_1_default, uniq_pargi
D:4:      layout_basic, mainiacjoe_overflow_concentric_impassable,
          mainiacjoe_overflow_two_lobes, dk_noncrumbling_4

Skill      XL: |  1  2  3  4  5 |
---------------+----------------+-----
Ranged Weapons | 6 8 9 |  9.0
Dodging        | 3 |  3.2
Fighting       | |  1.8
Stealth        | |  1.2

Action                     |  1- 3 |  4- 6 || total
---------------------------+-------+-------++-------
   Fire: Shortbow          |    64 |    83 ||   147
    Use: Scroll            |     5 |     4 ||     9
 Armour: Leather armour    |     7 |     8 ||    15
         Ring mail         |       |     1 ||     1
  Dodge: Dodged            |    19 |    20 ||    39

Table legend:
 A = Non-vault XP
 B = Vault XP
 C = Vault XP percentage of total XP
 D = Non-vault monster count
 E = Vault monster count
 F = Vault count percentage of total count
                 A         B        C        D         E       F
            +---------+---------+-------+---------+---------+-------
      Total |     233 |     111 |  32.3 |      41 |      17 |  29.3
            +---------+---------+-------+---------+---------+-------
        D:1 |      23 |       0 |   0.0 |      18 |       0 |   0.0
        D:2 |      54 |     111 |  67.3 |      18 |      17 |  48.6
        D:3 |      16 |       0 |   0.0 |       3 |       0 |   0.0
        D:4 |     140 |       0 |   0.0 |       2 |       0 |   0.0
            +---------+---------+-------+---------+---------+-------
